 Dungeon Crawl Stone Soup version 0.31-a0-844-gdc52ec4 (webtiles) character file.

Game seed: 12687453224502602095

98 Aggravatedjoe the Sneak (level 4, 0/34 HPs)
             Began as a Demonspawn Brigand on Sept 28, 2023.
             Slain by a gnoll
             ... wielding a +0 halberd
              (2 damage)
             ... on level 3 of the Dungeon.
             The game lasted 00:02:42 (1346 turns).

Aggravatedjoe the Sneak (Demonspawn Brigand)        Turns: 1346, Time: 00:02:42

Health: 0/34       AC:  7    Str:  8 (11) XL:     4   Next: 44%
Magic:  4/4        EV: 12    Int:  9 (12) God:
Gold:   101        SH:  0    Dex: 15 (17) Spells: 3/3 levels left

rFire   + . .        a - +2 dagger
rCold   + . .        (no shield)
rNeg    . . .        b - +0 robe
rPois   +            (no helmet)
rElec   +            c - +0 cloak
rCorr   +            (no gloves)
SInv    .            (no boots)
Will    .....        (no amulet)
Stlth   +++          p - +4 ring of protection
HPRegen 0.25/turn    (no ring)
MPRegen 0.09/turn

%: no passive effects
@: brilliant, resistant
A: claws 2
a: no special abilities


You were on level 3 of the Dungeon.
You visited 1 branch of the dungeon, and saw 3 of its levels.

You collected 101 gold pieces.

Inventory:

Hand Weapons
 a - a +2 dagger (weapon)
Missiles
 d - 19 poisoned darts (quivered)
 e - 3 curare-tipped darts {=f}
Armour
 b - a +0 robe (worn)
 c - a +0 cloak (worn)
Jewellery
 p - a +4 ring of protection (left claw)
Scrolls
 f - a scroll of identify {unknown}
 g - a scroll of vulnerability {unknown}
 i - a scroll of revelation {unknown}
 j - a scroll of amnesia {unknown}
 l - a scroll of immolation {unknown}
 m - a scroll of fear {unknown}
 n - 2 scrolls of teleportation {unknown}
 o - a scroll of poison {unknown}
 r - a scroll of fog {unknown}
Potions
 h - a potion of brilliance
 k - a potion of degeneration {!q}


   Skills:
 + Level 2.3 Fighting
 + Level 2.7 Short Blades
 + Level 1.7 Throwing
 + Level 1.3 Dodging
 + Level 4.8 Stealth


You had 3 spell levels left.
You didn't know any spells.
Your spell library was empty.

Dungeon Overview and Level Annotations

Branches:
Dungeon (3/15)

Altars:


Innate Abilities, Weirdness & Mutations

You have very sharp fingernails.


Message History

A gnoll comes into view. It is wielding a +0 whip.
A gnoll comes into view. It is wielding a +0 spear.
You hit the gnoll.
The gnoll is heavily wounded.
The gnoll hits you with a +0 flail!
You are too injured to fight recklessly!
You are too injured to fight recklessly!
It was a potion of degeneration.
There was something very wrong with that liquid.
You feel weakened.
You feel dopey.
You feel clumsy. The gnoll closely misses you.
The gnoll hits you but does no damage.
It was a potion of brilliance.
You feel clever all of a sudden. The gnoll hits you but does no damage.
The gnoll misses you.
It was a potion of curing.
You feel better.
The gnoll hits you from afar with a +0 halberd!
The gnoll closely misses you.
It was a potion of resistance.
You feel protected. The gnoll hits you but does no damage.
The gnoll misses you.
You hit the gnoll.
The gnoll is almost dead.
The gnoll barely misses you. The gnoll hits you with a +0 flail.
* * * LOW HITPOINT WARNING * * *
You hit the gnoll.
You kill the gnoll!
The gnoll barely misses you.
You hit the gnoll.
The gnoll is lightly wounded.
The gnoll misses you.
You hit the gnoll.
The gnoll is moderately wounded.
The gnoll hits you from afar with a +0 halberd!
* * * LOW HITPOINT WARNING * * *
You hit the gnoll.
The gnoll is moderately wounded.
You barely miss the gnoll.
The gnoll is moderately wounded.
The gnoll hits you from afar with a +0 halberd.
You die...

### . ... .. #.#
... #.# .... #. #..
.....
####.##.#####gg.###
...........@ggr....
###.##.#####g..###
#.##.#####..?#
#.##.........#
#........... #
#...........
#<..........
##########.. #


You could see 5 gnolls and a rat.

Vanquished Creatures
  Robin (D:2)
  2 adders (D:2)
  A gnoll (D:3)
  A worm (D:2)
  2 dart slugs (D:1)
  6 bats
  5 endoplasms
  2 giant cockroaches
  4 goblins
  10 hobgoblins
  2 jackals (D:2)
  2 kobolds
  6 ball pythons
  2 frilled lizards
  4 rats
50 creatures vanquished.

Notes
Turn   | Place    | Note
-------+----------+-------------------------------------------
     0 | D:1      | Aggravatedjoe the Demonspawn Brigand began the quest for
                  | the Orb.
     0 | D:1      | Reached XP level 1. HP: 16/16 MP: 1/1
   135 | D:1      | Reached skill level 4 in Stealth
   135 | D:1      | Gained mutation: You have sharp fingernails. [demonic
                  | ancestry]
   135 | D:1      | Reached XP level 2. HP: 22/22 MP: 2/2
   549 | D:1      | Gained mutation: You have very sharp fingernails. [demonic
                  | ancestry]
   549 | D:1      | Reached XP level 3. HP: 27/27 MP: 3/3
   624 | D:2      | Reached skill level 1 in Dodging
   973 | D:2      | Reached XP level 4. HP: 27/33 MP: 4/4
  1111 | D:2      | Noticed Robin
  1132 | D:2      | Killed Robin
  1346 | D:3      | Slain by a gnoll

Illustrated notes

Levels and vault maps discovered:
D:1:      wander_arrival_desolate, layout_basic
D:2:      layout_loops_ring, uniq_robin
D:3:      layout_basic, shapermc_ecumenical_altar_notcrosses,
          uniq_crazy_yiuf_cottage

Skill      XL: |  1  2  3 |
---------------+----------+-----
Stealth        | 4 |  4.8
Short Blades   | 2 |  2.7
Dodging        | 1 |  1.3
Fighting       | |  2.3
Throwing       | |  1.7

Action                     |  1- 3 |  4- 6 || total
---------------------------+-------+-------++-------
  Melee: Dagger            |   112 |    51 ||   163
         Punch             |     1 |       ||     1
    Use: Potion            |       |     4 ||     4
   Stab: Sleeping          |    12 |       ||    12
 Armour: Robe              |    49 |    45 ||    94
  Dodge: Dodged            |    55 |    41 ||    96

Table legend: (Time is in decaauts)
 A = Elapsed time spent in this place.
 B = Non-inter-level travel time spent in this place.
 C = Inter-level travel time spent in this place.
 D = Time resting spent in this place.
 E = Time spent auto-exploring this place.
 F = Levels seen in this place.
 G = Mean time per level.
                   A        B        C        D        E       F      G
               +--------+--------+--------+--------+--------+-----+--------+
         Total |   1328 |   1286 |     42 |     86 |    843 |   3 |  442.7 |
       Dungeon |   1328 |   1286 |     42 |     86 |    843 |   3 |  442.7 |
               +--------+--------+--------+--------+--------+-----+--------+

Top non-repeatable levels by time:
     D:2: 718 daAuts
     D:1: 587 daAuts
     D:3: 22 daAuts
